 Dungeon Crawl Stone Soup version 0.28.0-1-gb440e238dd (webtiles) character file.

Game seed: 11051098716826409174

413 zeram the Vandal (level 6, -1/58 HPs)
             Began as an Octopode Hunter on Feb 21, 2022.
             Succumbed to a water moccasin's poison
             ... on level 4 of the Dungeon.
             The game lasted 00:05:32 (3672 turns).

zeram the Vandal (Octopode Hunter)                  Turns: 3672, Time: 00:05:33

Health: -1/58      AC:  4    Str: 17    XL:     6   Next: 91%
Magic:  15/15      EV: 11    Int: 16    God:
Gold:   153        SH: 10    Dex: 12    Spells: 1/5 levels left

rFire   . . .      SeeInvis .   g - +0 dagger
rCold   . . .      Faith    .   j - +2 kite shield {AC+3}
rNeg    . . .      Spirit   .   (helmet restricted)
rPois   .          Reflect  .   (no amulet)
rElec   .          Harm     .   b - +6 ring of strength
rCorr   +          Rampage  .   n - ring of magical power
Will    +....                   t - ring of resist corrosion
Stlth   ..........              m - ring of willpower
HPRegen 0.19/turn               (no ring)
MPRegen 0.14/turn               (no ring)
                                (no ring)
                                (no ring)

@: mighty, berserking (expiring), lethally poisoned (-1 -> -15), very quick
A: almost no armour, amphibious, 8 rings, camouflage 1, gelatinous body 1,
(nimble swimmer 1), tentacles
a: no special abilities


You were on level 4 of the Dungeon.
You visited 1 branch of the dungeon, and saw 5 of its levels.

You collected 153 gold pieces.

Inventory:

Hand Weapons
 a - a +3 hunting sling
 g - a +0 dagger (weapon)
Missiles
 c - 42 sling bullets
 f - 119 stones (quivered)
Armour
 j - a +2 kite shield of protection (worn)
Jewellery
 b - a +6 ring of strength (left tentacle)
 m - a ring of willpower (on tentacle)
 n - a ring of magical power (right tentacle)
 t - a ring of resist corrosion (on tentacle)
 u - a +4 ring of evasion
Wands
 k - a wand of flame (22)
Scrolls
 d - 3 scrolls of teleportation
 r - a scroll of fog
Potions
 e - 2 potions of flight
 h - a potion of heal wounds {unknown}
 i - a potion of attraction {unknown}
 l - a potion of resistance {unknown}
 p - a potion of haste {unknown}
 q - 2 potions of brilliance


   Skills:
 - Level 2.0 Fighting
 + Level 7.4 Slings
 + Level 2.2 Dodging
 - Level 1.3 Stealth
 * Level 2.3 Shields


You had one spell level left.
You knew the following spells:

 Your Spells              Type           Power      Damage    Failure   Level
a - Call Imp              Summ           0%         N/A       77%         2
b - Poisonous Vapours     Pois/Air       0%         N/A       77%         2

Your spell library contained the following spells:

 Spells                   Type           Power      Damage    Failure   Level
 Animate Skeleton         Necr           0%         N/A       63%         1
 Apportation              Tloc           0%         N/A       63%         1
 Magic Dart               Conj           0%         1d3       63%         1
 Summon Small Mammal      Summ           0%         N/A       63%         1
 Corpse Rot               Necr/Air       0%         N/A       77%         2
 Mephitic Cloud           Conj/Pois/Air  0%         N/A       94%         3


Dungeon Overview and Level Annotations

Branches:
Dungeon (5/15)
 Temple: D:4-7

Altars:
Xom


Innate Abilities, Weirdness & Mutations

You cannot wear most types of armour.
You are amphibious.
You can wear up to eight rings at the same time.
Your skin changes colour to match your surroundings (Stealth+).
Your rubbery body absorbs attacks. (AC +1, EV +1)
((You are camouflaged when in or above water. (Stealth+)))
You have tentacles for arms and can constrict up to eight enemies at once.


Message History

You feel very mighty all of a sudden.
You climb downwards.
The water moccasin closely misses you.
The water moccasin bites you but does no damage.
There is a stone staircase leading up here.
You miss the water moccasin. Your grab misses the water moccasin.
You block the water moccasin's attack. x2
You closely miss the water moccasin. Your grab misses the water moccasin.
The water moccasin bites you.
You barely miss the water moccasin. Your grab misses the water moccasin.
The water moccasin bites you.
You are poisoned.
The water moccasin poisons you! The water moccasin bites you!
You closely miss the water moccasin. You grab the water moccasin.
You squeeze the water moccasin!
The water moccasin is moderately wounded.
You constrict the water moccasin.
You feel very sick. The water moccasin bites you!
You are more poisoned.
The water moccasin poisons you!
Okay, then.
You completely miss the water moccasin. You squeeze the water moccasin!
The water moccasin is almost dead.
You constrict the water moccasin.
You kill the water moccasin!
* * * LOW HITPOINT WARNING * * *
You feel extremely sick.
Unknown command.
It was a potion of berserk rage.
A red film seems to cover your vision as you go berserk!
You feel yourself moving faster!
You feel mighty!
* * * LOW HITPOINT WARNING * * *
You feel very sick.
You are too berserk!
You are too berserk!
You are too berserk!
You feel a strong urge to attack something.
* * * LOW HITPOINT WARNING * * *
You feel very sick.
You die...

#.....#.##....#
#.....#.##....#
#.....#.##....#
#.....#.#######
#.......#
######..##########
####....>##.......#
#.............†.#.#
#........##.#@..#.###
#........##.........#
#....##.............##
########.##..........#
#....#...####.#
######.###....#
#...#.#### ###.#.#
#...#


There were no monsters in sight!

Vanquished Creatures
  A water moccasin (D:4)
  A necrophage (D:4)
  An ogre (D:4)
  A hound (D:3)
  3 adders
  2 worms
  3 dart slugs
  An orc (D:3)
  4 endoplasms
  3 giant cockroaches
  8 goblins
  6 hobgoblins
  11 kobolds
  6 quokkas
  3 ball pythons
  6 bats
  8 frilled lizards
  4 rats
72 creatures vanquished.

Notes
Turn   | Place    | Note
-------+----------+-------------------------------------------
     0 | D:1      | zeram the Octopode Hunter began the quest for the Orb.
     0 | D:1      | Reached XP level 1. HP: 14/14 MP: 1/1
    69 | D:1      | Noticed a golden eye
    70 | D:1      | Noticed a golden eye
    73 | D:1      | Found a faded altar of an unknown god.
    76 | D:1      | Noticed a floating eye
    76 | D:1      | Noticed a golden eye
   137 | D:1      | Reached XP level 2. HP: 19/19 MP: 2/2
   692 | D:1      | Reached XP level 3. HP: 24/24 MP: 3/3
  1001 | D:2      | Reached skill level 5 in Slings
  2119 | D:3      | Reached XP level 4. HP: 29/29 MP: 4/4
  2883 | D:4      | Noticed a necrophage
  2890 | D:4      | Killed a necrophage
  2891 | D:4      | Reached skill level 6 in Slings
  2891 | D:4      | Reached skill level 1 in Shields
  2891 | D:4      | Reached XP level 5. HP: 31/34 MP: 5/5
  2950 | D:4      | Learned a level 2 spell: Call Imp
  2953 | D:4      | Learned a level 2 spell: Poisonous Vapours
  2961 | D:4      | Found a shimmering altar of Xom.
  3106 | D:4      | Noticed an ogre
  3112 | D:4      | Killed an ogre
  3113 | D:4      | Reached XP level 6. HP: 25/39 MP: 6/6
  3382 | D:5      | Entered Level 5 of the Dungeon
  3384 | D:5      | Noticed a water moccasin
  3409 | D:3      | Reached skill level 7 in Slings
  3669 | D:4      | Killed a water moccasin
  3671 | D:4      | HP: 1/58 [poisoned by a water moccasin]
  3672 | D:4      | Succumbed to a water moccasin's poison

Illustrated notes

Levels and vault maps discovered:
D:1:      heliophobic_arrival_henge, layout_loops_ring,
          hellmonk_ecumenical_altar_watching_god, kennysheep_minor_cross,
          hangedman_abyss_or_decor_lesser_grid
D:2:      layout_loops_corners
D:3:      layout_basic, minmay_quantized
D:4:      layout_basic, general_overflow_altar
D:5:      layout_basic, uniq_menkaure

Skill      XL: |  1  2  3  4  5  6 |
---------------+-------------------+-----
Slings         | 5 6 7 |  7.4
Shields        | 1 2 |  2.3
Fighting       | |  2.0
Dodging        | |  2.2
Stealth        | |  1.3

Action                   |  1- 3 |  4- 6 || total
-------------------------+-------+-------++-------
Melee: Dagger            |       |     7 ||     7
       Constrict         |       |     2 ||     2
       Tentacles         |       |     2 ||     2
 Fire: Hunting sling     |    93 |    84 ||   177
  Use: Scroll            |     2 |     6 ||     8
       Potion            |       |     3 ||     3
Armor: Skin              |     2 |    12 ||    14
Dodge: Dodged            |    12 |    11 ||    23
Block: Kite shield       |     2 |    16 ||    18
